 Dungeon Crawl Stone Soup version 0.30-a0-808-g6e0788376e (console) character file.

Game seed: 15517265909219755628

81310 jejorda2 the Phalangite (level 15, -17/127 HPs)
             Began as a Merfolk Berserker on Feb 26, 2023.
             Was a High Priest of Trog.
             Killed from afar by an ice dragon (24 damage)
             ... with a blast of cold
             ... on level 12 of the Dungeon.
             The game lasted 00:53:53 (21351 turns).

jejorda2 the Phalangite (Merfolk Berserker)        Turns: 21351, Time: 00:53:54

Health: -17/127    AC: 27    Str: 29    XL:     15   Next: 69%
Magic:  15/15      EV: 11    Int:  7    God:    Trog [*****.]
Gold:   1430       SH:  0    Dex: 15    Spells: 14/14 levels left

rFire   + . .      SeeInvis +    a - +0 halberd (spect)
rCold   + . .      Faith    +    (shield currently unavailable)
rNeg    . . .      Spirit   .    T - +3 chain mail {rF+}
rPois   +          Reflect  .    t - +2 helmet {SInv}
rElec   .          Harm     .    L - +1 cloak "Xoubicwe" {Rampage rPois Str+6 Slay-2}
rCorr   .          Rampage  +    E - +0 pair of gloves
Will    +....                    O - +2 pair of boots Stlth
                                 Q - amulet of faith
HPRegen 0.41/turn                c - +4 ring of protection
MPRegen 0.14/turn                S - ring of protection from cold

@: on berserk cooldown, studying Ranged Weapons
A: (nimble swimmer 2), mertail
a: Renounce Religion, Berserk, Trog's Hand, Brothers in Arms


You were on level 12 of the Dungeon.
You worshipped Trog.
Trog was extremely pleased with you.
You visited 2 branches of the dungeon, and saw 18 of its levels.
You also visited: Gauntlet and Volcano.

You collected 2381 gold pieces.
You spent 951 gold pieces at shops.

Inventory:

Hand Weapons
 a - a +0 spectral halberd (weapon)
 b - a +4 bardiche of flaming
 w - a +2 antimagic glaive
Missiles
 e - 211 stones
 f - 18 javelins
 m - 28 boomerangs (quivered)
 y - 3 silver boomerangs
 C - 2 curare-tipped darts
 H - 34 poisoned darts
 J - 4 datura-tipped darts
Armour
 t - a +2 helmet of see invisible (worn)
 E - a +0 pair of gloves (worn)
 L - the +1 cloak "Xoubicwe" (worn) {Rampage rPois Str+6 Slay-2}
   (You found it in a Gauntlet)

   Str:       It affects your strength (+6).
   Slay:      It affects your accuracy & damage with ranged weapons and melee
   (-2).
   rPois:     It protects you from poison.
   Rampage:   It bestows one free step when moving towards enemies.
 N - a +1 scale mail of cold resistance
 O - a +2 pair of boots (worn)
 T - a +3 chain mail of fire resistance (worn)
Jewellery
 c - a +4 ring of protection (left hand)
 g - a ring of flight
 q - the ring "Zagyamer" {rF+ Will+}
   (You found it on level 3 of the Lair of Beasts)

   [ring of protection from fire]

   rF:        It protects you from fire.
   Will:      It increases your willpower.
 I - a +4 ring of protection
 Q - an amulet of faith (around neck)
 S - a ring of protection from cold (right hand)
 U - a ring of positive energy
Wands
 o - a wand of acid (8)
 B - a wand of polymorph (5)
 F - a wand of roots (13)
 M - a wand of flame (43)
 R - a wand of charming (4)
Scrolls
 d - 7 scrolls of poison
 h - 2 scrolls of fear
 j - 12 scrolls of teleportation
 r - a scroll of immolation
 s - 2 scrolls of identify
 u - 3 scrolls of fog
 G - a scroll of silence
 V - a scroll of blinking
Potions
 i - 10 potions of heal wounds
 k - 4 potions of flight
 l - 4 potions of ambrosia
 n - 2 potions of cancellation
 p - 11 potions of curing
 v - a potion of invisibility
 x - 8 potions of attraction
 z - 4 potions of might
 A - 4 potions of haste
 D - 4 potions of resistance
 K - 2 potions of mutation
Miscellaneous
 P - a phial of floods


   Skills:
 * Level 14.3 Fighting
 + Level 23.1 Polearms
 - Level 12.9 Throwing
 + Level 7.3 Armour
 - Level 6.0 Dodging
 + Level 1.4 Evocations


You had 14 spell levels left.
You didn't know any spells.
Your spell library was empty.

Dungeon Overview and Level Annotations

Branches:
Dungeon (13/15)            Temple (0/1) D:4            Lair (5/5) D:10
 Shoals (0/4) Lair:2       Spider (0/4) Lair:2        Slime (0/5) Lair:4
    Orc (0/2) D:12        Volcano (visited)         Gauntlet (visited)
 Vaults: D:13-14

Altars:
Ashenzari
Dithmenos
Fedhas
Gozag
Hepliaklqana
Okawaru
Qazlal
Ru
Sif Muna
Trog
Uskayaw
Vehumet
Wu Jian
Xom
The Shining One
Jiyva

Shops:
D:2 (=[!(   D:3 (   D:6 [   D:13 *


Innate Abilities, Weirdness & Mutations

((You are very nimble when in or above water. (Stealth+, EV+, Speed+++)))
Your lower body shifts to a powerful aquatic tail in water.


Message History

The two-headed ogre closely misses you.
There is a stone staircase leading up, spattered with blood here.
The ice dragon bites you but does no damage.
The ice dragon claws you but does no damage.
The ice dragon closely misses you.
The two-headed ogre hits you but does no damage.
The two-headed ogre hits you with a +0 giant club.
* * * LOW HITPOINT WARNING * * *
You climb upwards.
There is a stone staircase leading down here.
Unknown command.
As you read the scroll of fear, it crumbles to dust.
You assume a fearsome visage.
The two-headed ogre looks frightened!
The ice dragon looks frightened!
Unknown command.
You feel the effects of Trog's Hand fading.
The ice dragon seems to regain its courage.
Your skin stops crawling.
You feel less strong-willed. The ice dragon breathes frost at you.
The blast of cold hits you!!
* * * LOW HITPOINT WARNING * * *
The ice dragon breathes frost at you.
The blast of cold hits you but does no damage.
As you read the scroll of fog, it crumbles to dust.
The scroll dissolves into smoke.
Your ogre goes berserk!
You feel yourself speed up. The ice dragon barely misses you.
The ice dragon claws you but does no damage.
The ice dragon closely misses you. The ice dragon breathes frost at you.
The blast of cold hits you but does no damage.
Your ogre rages.
Your ogre closely misses the ice dragon.
Your ogre hits the ice dragon with a +0 giant spiked club!!
You remove your +4 ring of protection.
S - a ring of protection from cold (right hand)
The ice dragon breathes frost at you. The blast of cold hits you!! You resist.
You die...

#####.............# ##
#.............# #
#....###......# ###
#.#### #####..# ##.# #.#
#..# #.## #.# ##..###...
###.#### ###[...#...#
###.....§####.........O#
#..####@§D§§§...##.....#
#### ##§O§§§..###......
#..§§§§..####..... ###
##..##§.§..###..:.. #.#
##..####....##......
#.####..## #.....#..>...
##.##..## ##...........
#....## ##.......###
#...## #.......#


You could see an ice dragon (catching breath, ally target) and a friendly ogre
(summoned, berserk).

Vanquished Creatures
  Jorgrun (D:12)
  A minotaur (Gauntlet)
  2 dire elephants
  Snorg (Lair:5)
  A yaktaur captain (D:12)
  An entropy weaver (shapeshifter) (D:13)
  11 hydras
  A centaur warrior (D:13)
  A hell beast (Gauntlet)
  A two-headed ogre (D:10)
  3 boulder beetles
  A catoblepas (Lair:5)
  8 death yaks (Lair:3)
  A hell hog (Gauntlet)
  The ghost of Newt the Basher, a novice DsGl of Gozag (D:9)
  Nergalle (Lair:2)
  A soul eater (Gauntlet)
  A hell knight (Volcano)
  A skeletal warrior (D:12)
  A goliath frog (Lair:4)
  A deep elf archer (D:12)
  A swamp dragon (Lair:4)
  A phantasmal warrior (Lair:5)
  4 lindwurms (Lair:5)
  3 orc knights
  A necromancer (Lair:2)
  3 deep elf pyromancers
  2 wolf spiders
  4 manticores
  An elephant (Lair:3)
  3 salamanders (Volcano)
  3 cyclopes
  8 black mambas
  A torpor snail (Lair:1)
  2 minotaur zombies (Gauntlet)
  4 molten gargoyles (Volcano)
  10 cane toads
  2 gargoyles (Volcano)
  2 kobold demonologists (D:11)
  13 komodo dragons
  10 rime drakes
  A meliai (Lair:2)
  A wind drake (Lair:2)
  5 trolls
  Grinder (D:3)
  4 dream sheep (Lair:5)
  Prince Ribbit (D:8)
  5 blink frogs (Lair:3)
  2 polar bears (Lair:3)
  6 slime creatures
  2 shadows
  2 ynoxinuls
  7 wyverns
  4 wraiths
  25 yaks
  8 basilisks
  A human (Lair:5)
  3 steam dragons
  A basilisk (shapeshifter) (D:13)
  8 vampire mosquitoes
  5 swamp worms (Lair:4)
  2 acid dragons
  A hell hound (Gauntlet)
  A swamp drake (Lair:4)
  5 orc warriors
  13 water moccasins
  A black bear (Lair:2)
  An ice beast (D:5)
  2 sky beasts (D:6)
  A black bear (shapeshifter) (D:13)
  10 wolves
  6 centaurs
  A phantom (D:6)
  7 kobold brigands
  3 necrophages
  16 bullfrogs
  2 gnoll sergeants
  5 scorpions
  9 wights
  14 killer bees
  2 electric eels (Lair:3)
  8 howler monkeys
  2 jellies
  3 iron imps (Gauntlet)
  7 orc priests
  4 hounds
  3 gnoll boudas
  3 iguanas
  15 orc wizards
  3 hell rats
  4 yak simulacra (Lair:2)
  4 polar bear simulacra (Lair:2)
  A wolf simulacrum (Lair:2)
  7 adders
  24 gnolls
  2 river rats (Lair:3)
  4 shadow imps (Gauntlet)
  2 white imps
  3 ufetubi
  2 worms
  2 dart slugs (D:4)
  45 orcs
  7 ball pythons
  7 bats
  8 endoplasms
  2 giant cockroaches
  10 goblins
  12 hobgoblins
  13 jackals
  30 kobolds
  6 quokkas
  4 frilled lizards
  9 rats
  2 river rat simulacra (Lair:2)
571 creatures vanquished.

Vanquished Creatures (collateral kills)
  A hydra (Lair:4)
  An orc knight (D:12)
  A cyclops (D:12)
  A slime creature (Lair:4)
  A swamp worm (Lair:4)
5 creatures vanquished.

Vanquished Creatures (others)
  A wizard (D:4)
  A raiju (Gauntlet)
  14 fungi
  23 plants
39 creatures vanquished.

Grand Total: 615 creatures vanquished

Notes
Turn   | Place    | Note
-------+----------+-------------------------------------------
     0 | D:1      | jejorda2 the Merfolk Berserker began the quest for the Orb.
     0 | D:1      | Reached XP level 1. HP: 18/18 MP: 1/1
   136 | D:1      | Reached XP level 2. HP: 23/24 MP: 2/2
   393 | D:1      | Reached XP level 3. HP: 29/29 MP: 3/3
   538 | D:1      | Reached ** piety under Trog
   546 | D:1      | Reached skill level 5 in Polearms
   709 | D:2      | Found Qoasege's Weapon Shoppe.
   814 | D:2      | Found an opulent altar of Gozag.
   953 | D:2      | Found Befesk's Distillery.
  1024 | D:2      | Bought a potion of curing for 39 gold pieces
  1169 | D:2      | Reached XP level 4. HP: 37/37 MP: 4/4
  1210 | D:2      | Found Acwein Beis's Weapon Emporium.
  1286 | D:2      | Found Juac Ten's Antique Armour Emporium.
  1328 | D:2      | Found Deumnog's Jewellery Shop.
  1950 | D:3      | Noticed Grinder
  1950 | D:3      | Paralysed by Grinder for 2 turns
  1972 | D:3      | Killed Grinder
  1973 | D:3      | Reached skill level 7 in Polearms
  1973 | D:3      | Reached XP level 5. HP: 43/43 MP: 5/5
  1973 | D:3      | Reached XP level 6. HP: 50/50 MP: 6/6
  1973 | D:3      | Found Mumason's Antique Weapon Shop.
  2199 | D:3      | Reached *** piety under Trog
  2255 | D:3      | Reached skill level 5 in Fighting
  2267 | D:3      | Reached XP level 7. HP: 46/56 MP: 7/7
  2890 | D:4      | Found a staircase to the Ecumenical Temple.
  3437 | D:4      | Found a bloodstained altar of Trog.
  3439 | D:4      | Noticed a wizard
  3444 | D:4      | Killed a wizard
  3526 | D:4      | Reached skill level 8 in Polearms
  3621 | D:2      | Bought a ring of poison resistance for 200 gold pieces
  3669 | D:5      | Entered Level 5 of the Dungeon
  3761 | D:5      | Reached skill level 9 in Polearms
  3763 | D:5      | Reached XP level 8. HP: 64/64 MP: 8/8
  4475 | D:5      | Found a hazy altar of Hepliaklqana.
  4623 | D:5      | Reached skill level 1 in Throwing
  4890 | D:6      | Reached skill level 10 in Polearms
  4948 | D:6      | Found Koc Jiy's Armour Boutique.
  4961 | D:6      | Reached **** piety under Trog
  5235 | D:6      | Reached skill level 11 in Polearms
  5235 | D:6      | Reached XP level 9. HP: 69/69 MP: 9/9
  5293 | D:6      | Found a sacrificial altar of Ru.
  5320 | D:6      | Noticed a troll
  5329 | D:6      | Killed a troll
  5671 | D:7      | Reached skill level 12 in Polearms
  5765 | D:7      | Found a hide-covered altar of Uskayaw.
  5772 | D:7      | Found an iron altar of Okawaru.
  5776 | D:7      | Found a blossoming altar of Fedhas.
  5777 | D:7      | Found an ornate altar of the Wu Jian Council.
  5781 | D:7      | Found a glowing golden altar of the Shining One.
  5889 | D:7      | Noticed a troll
  5900 | D:7      | Killed a troll
  5901 | D:7      | Reached skill level 5 in Armour
  6688 | D:8      | Reached skill level 13 in Polearms
  6823 | D:8      | Reached ***** piety under Trog
  6957 | D:8      | Reached XP level 10. HP: 65/76 MP: 10/10
  6959 | D:8      | Noticed Prince Ribbit
  6963 | D:8      | Killed Prince Ribbit
  6964 | D:8      | Reached skill level 5 in Throwing
  7639 | D:8      | Found a radiant altar of Vehumet.
  7912 | D:2      | Bought a glowing chain mail for 150 gold pieces
  8115 | D:9      | Found a shimmering altar of Xom.
  8127 | D:9      | Reached skill level 14 in Polearms
  8170 | D:9      | Found a shadowy altar of Dithmenos.
  8274 | D:9      | Noticed Newt's ghost (novice DsGl)
  8280 | D:9      | Found a runed translucent door.
  8489 | D:9      | Found a broken altar of Ashenzari.
  8531 | D:9      | Found a stormy altar of Qazlal.
  8609 | D:9      | Identified the +7 dagger of Pandemonium {distort, Str+2
                  | Dex+7}
  8677 | D:9      | Found a shimmering blue altar of Sif Muna.
  8861 | D:9      | Killed Newt's ghost
  8921 | D:10     | Entered Level 10 of the Dungeon
  8990 | D:10     | Reached skill level 15 in Polearms
  9002 | D:10     | Reached XP level 11. HP: 95/95 MP: 11/11
  9126 | D:10     | Received a gift from Trog
  9246 | D:10     | Noticed a two-headed ogre
  9250 | D:10     | Killed a two-headed ogre
  9299 | D:10     | You fall into a shaft and drop 1 floor!
  9309 | D:11     | Reached XP level 12. HP: 102/102 MP: 12/12
  9391 | D:11     | Found a gate leading to a gauntlet.
  9403 | Gauntlet | Entered a Gauntlet
  9403 | Gauntlet | Found a transporter.
  9415 | Gauntlet | Found a transporter.
  9418 | Gauntlet | Found a transporter.
  9419 | Gauntlet | Found a transporter.
  9426 | Gauntlet | Found a runed translucent door.
  9429 | Gauntlet | Found a transporter.
  9431 | Gauntlet | Found a transporter.
  9432 | Gauntlet | Found a transporter.
  9441 | Gauntlet | Found a transporter.
  9444 | Gauntlet | Found a transporter.
  9445 | Gauntlet | Found a transporter.
  9457 | Gauntlet | Found a transporter.
  9458 | Gauntlet | Found a transporter.
  9460 | Gauntlet | Noticed a hell beast
  9460 | Gauntlet | Noticed a hell hog
  9462 | Gauntlet | Found a transporter.
  9462 | Gauntlet | Found a runed translucent door.
  9463 | Gauntlet | Found a runed translucent door.
  9466 | Gauntlet | Found a transporter.
  9531 | Gauntlet | Noticed a soul eater
  9676 | Gauntlet | Killed a soul eater
  9709 | Gauntlet | Reached skill level 16 in Polearms
  9784 | Gauntlet | Killed a hell hog
  9836 | Gauntlet | Killed a hell beast
  9845 | Gauntlet | Identified the +1 cloak "Xoubicwe" {Rampage rPois Str+6
                  | Slay-2}
  9886 | Gauntlet | Noticed a minotaur
  9898 | Gauntlet | Killed a minotaur
 10968 | D:10     | Reached skill level 17 in Polearms
 11055 | D:10     | Found a staircase to the Lair.
 11456 | D:2      | Bought a shiny chain mail for 150 gold pieces
 11669 | D:12     | Noticed Jorgrun
 11688 | D:12     | HP: 1/153 [constriction (7)]
 11689 | D:12     | Killed Jorgrun
 11971 | D:12     | Noticed a boulder beetle
 11983 | D:12     | Killed a boulder beetle
 12222 | D:12     | Identified a scroll of acquirement
 12222 | D:12     | Acquired 818 gold pieces
 12423 | D:12     | Noticed a boulder beetle
 12433 | D:12     | Killed a boulder beetle
 12434 | D:12     | Reached skill level 10 in Throwing
 12561 | D:12     | Reached XP level 13. HP: 104/108 MP: 13/13
 12666 | D:12     | Received a gift from Trog
 12718 | D:12     | Found a runed translucent door.
 12720 | D:12     | Noticed a yaktaur captain
 12841 | D:12     | Found a staircase to the Orcish Mines.
 13387 | D:12     | Reached skill level 18 in Polearms
 13411 | D:12     | Killed a yaktaur captain
 13412 | D:12     | Reached skill level 5 in Dodging
 13614 | Lair:1   | Entered Level 1 of the Lair of Beasts
 14282 | Lair:2   | Found a staircase to the Shoals.
 14513 | Lair:2   | Reached skill level 19 in Polearms
 14670 | Lair:2   | Noticed Nergalle
 14680 | Lair:2   | Killed Nergalle
 14777 | Lair:2   | Found a hole to the Spider Nest.
 15552 | Lair:3   | Reached skill level 20 in Polearms
 15552 | Lair:3   | Reached XP level 14. HP: 98/115 MP: 14/14
 15610 | Lair:3   | Found a dark tunnel.
 15619 | Volcano  | Entered a volcano
 15723 | Volcano  | Noticed an orb of fire
 16029 | Volcano  | Noticed an orb of fire
 16042 | Volcano  | Reached skill level 21 in Polearms
 16096 | Volcano  | Received a gift from Trog
 17156 | Lair:3   | Reached skill level 22 in Polearms
 17248 | Lair:3   | Identified the ring "Zagyamer" {rF+ Will+}
 17287 | Lair:3   | Noticed a dire elephant
 17298 | Lair:3   | Killed a dire elephant
 17594 | Lair:4   | Received a gift from Trog
 18259 | Lair:4   | Identified the +1 ring mail of Kiebletu {rN++ Str-2 Dex+4}
 18343 | Lair:4   | Found a viscous altar of Jiyva.
 18343 | Lair:4   | Found a staircase to the Slime Pits.
 18444 | Lair:4   | Reached XP level 15. HP: 111/122 MP: 15/15
 19145 | Lair:5   | Entered Level 5 of the Lair of Beasts
 19393 | Lair:5   | Identified the +8 halberd "Emumugat" {heavy, rF++} (Trog
                  | gifted it to you on level 5 of the Lair of Beasts)
 19393 | Lair:5   | Received a gift from Trog
 19755 | Lair:5   | Noticed Snorg
 19761 | Lair:5   | Killed Snorg
 20463 | Lair:5   | Found a runed translucent door.
 20474 | Lair:5   | Found the +9 sword of Zonguldrok {reap}
 20607 | Lair:5   | Reached skill level 23 in Polearms
 21088 | D:13     | Found Abiesaur's Assorted Antiques.
 21095 | D:13     | Bought a runed gilded ring for 165 gold pieces
 21095 | D:13     | Bought a pair of glowing boots for 247 gold pieces
 21300 | D:13     | Reached skill level 1 in Evocations
 21342 | D:12     | HP: 3/127 [ice dragon/blast of cold (32)]
 21351 | D:12     | Killed from afar by an ice dragon

Illustrated notes

Levels and vault maps discovered:
D:1:      eino_arrival_water_cross, layout_basic
D:2:      minmay_razor_zed, layout_basic, serial_shops,
          nicolae_shop_bloodbath_and_beyond, nicolae_square_shop, shop_statue,
          shop_fountains, nicolae_shop_statue_plus, basic_altar
D:3:      layout_basic, serial_shops, nicolae_shop_advertising_works
          [nicolae_subvault_shop_adworks], uniq_grinder
D:4:      layout_loops_corners, trog_wizard, minmay_temple_entry_ruins,
          minmay_ruptured
D:5:      layout_loops_ring, nzn_hepliaklqana_mist_gate
D:6:      layout_rooms, mainiacjoe_overflow_paths, serial_shops, shop_fountains
D:7:      layout_basic, minitemple
D:8:      minmay_skewed_foursquare, layout_basic, lemuel_coloured_pillars_altar,
          uniq_prince_ribbit1
D:9:      layout_roguey, lemuel_doored_altar, lemuel_crystal_altar,
          kennysheep_mini, lemuel_blue_sif_altar, mainiacjoe_overflow_24_doors,
          hellmonk_ghost_big_iron
D:10:     layout_loops_ring, grunt_lair_entry_orc_guard_hut
D:11:     layout_loops_ring, gauntlet_entry_generic
D:12:     layout_layer_cave, orc_0_dummy, minmay_st_funbox, uniq_jorgrun
D:13:     cheibrodos_ideogram_h, layout_rooms, david_vaults_4, serial_shops,
          shop
Lair:1:   layout_chaotic_city
Lair:2:   layout_cave_pods, minmay_shoals_entry_beasts,
          hellmonk_spider_entry_not_the_bees, eino_house_with_fridge,
          uniq_nergalle
Lair:3:   nzn_winding_woodlands_large [nzn_winding_woodlands_5x5_closed_star,
          nzn_winding_woodlands_5x15_crooked, nzn_winding_woodlands_5x5_default,
          nzn_winding_woodlands_center_triple_pond,
          nzn_winding_woodlands_15x15_eel_pit,
          nzn_winding_woodlands_center_lodge, nzn_winding_woodlands_5x5_cross,
          nzn_winding_woodlands_5x15_split_checker,
          nzn_winding_woodlands_hourglass], layout_loops_ring, enter_volcano_2,
          kennysheep_abandoned_house
Lair:4:   onia_ninara_swampy_vault, layout_loops_ring,
          minmay_slime_entry_pillars, minmay_lair_drake_nest
Lair:5:   hangedman_lair_in_review, layout_regular_city,
          pdpol_lair_cabin_in_the_woods, infiniplex_staircase_pool_2, uniq_snorg

Skill      XL: |  1  2  3  4  5  6  7  8  9 10 11 12 13 14 15 |
---------------+----------------------------------------------+-----
Polearms       | 5 7 9 11 13 15 17 20 22 23 | 23.1
Armour         | 2 3 4 5 6 7 |  7.3
Fighting       | 4 5 6 11 12 14 | 14.3
Throwing       | 2 4 6 10 12 | 12.9
Dodging        | 3 6 |  6.0
Evocations     | 1 |  1.4

Action                     |  1- 3 |  4- 6 |  7- 9 | 10-12 | 13-15 || total
---------------------------+-------+-------+-------+-------+-------++-------
  Melee: Spear             |   155 |   108 |       |       |       ||   263
         Punch             |     1 |     2 |     1 |       |       ||     4
         Trident           |       |    71 |   169 |       |       ||   240
         Halberd           |       |       |   218 |   313 |   681 ||  1212
         Bardiche          |       |       |       |       |    66 ||    66
         Tailslap          |       |       |       |       |    13 ||    13
  Throw: Stone             |     1 |       |       |       |       ||     1
         Dart              |       |       |       |    15 |       ||    15
         Boomerang         |       |       |       |       |     4 ||     4
 Invoke: Berserk           |     2 |     1 |     7 |     6 |     7 ||    23
         Trog's Hand       |       |     2 |       |     2 |     4 ||     8
         Brothers in Arms  |       |       |       |       |     3 ||     3
    Use: Scroll            |       |       |    17 |    13 |     5 ||    35
         Potion            |       |       |       |     1 |       ||     1
   Stab: Sleeping          |     2 |       |       |       |       ||     2
         Distracted        |       |       |       |     3 |    14 ||    17
         Petrified         |       |       |       |       |     1 ||     1
 Armour: Animal skin       |    24 |       |       |       |       ||    24
         Ring mail         |    10 |     6 |       |       |       ||    16
         Chain mail        |       |    66 |    99 |    64 |   352 ||   581
         Plate armour      |       |       |    73 |    25 |       ||    98
  Dodge: Dodged            |    60 |    49 |   106 |    73 |   251 ||   539

Table legend: (Time is in decaauts)
 A = Elapsed time spent in this place.
 B = Non-inter-level travel time spent in this place.
 C = Inter-level travel time spent in this place.
 D = Time resting spent in this place.
 E = Time spent auto-exploring this place.
 F = Levels seen in this place.
 G = Mean time per level.
                   A        B        C        D        E       F      G
               +--------+--------+--------+--------+--------+-----+--------+
         Total |  21046 |  19092 |   1954 |   1996 |  13681 |  20 | 1052.3 |
       Dungeon |  13248 |  11775 |   1473 |    999 |   8763 |  13 | 1019.1 |
          Lair |   6456 |   5976 |    480 |    606 |   4407 |   5 | 1291.2 |
       Volcano |    643 |    643 |      0 |    199 |    262 |   1 |  643.0 |
      Gauntlet |    698 |    698 |      0 |    191 |    248 |   1 |  698.0 |
               +--------+--------+--------+--------+--------+-----+--------+

Top non-repeatable levels by time:
  Lair:5: 1736 daAuts
    D:12: 1449 daAuts
     D:2: 1404 daAuts
  Lair:4: 1395 daAuts
    D:11: 1377 daAuts
  Lair:3: 1335 daAuts
     D:8: 1260 daAuts
     D:7: 1244 daAuts
     D:5: 1170 daAuts
     D:4: 1107 daAuts
  Lair:2: 1100 daAuts
     D:9: 906 daAuts
  Lair:1: 887 daAuts
    D:10: 874 daAuts
     D:3: 791 daAuts
